 Dungeon Sprint DCSS version 0.23-a0-690-g0a1fc62 (webtiles) character file.

303 galech the Shield-Bearer (level 6, 0/53 HPs)
             Began as a Demonspawn Fighter on Jan 11, 2019.
             Was a Follower of Okawaru.
             Slain by a yak (11 damage)
             ... in the Dungeon (Sprint IX: "|||||||||||||||||||||||||||||").
             The game lasted 00:01:16 (271 turns).

galech the Shield-Bearer (Demonspawn Fighter)        Turns: 271, Time: 00:01:16

Health: 0/53       AC: 14    Str: 21    XL:     6   Next: 15%
Magic:  6/6        EV: 11    Int: 12    God:    Okawaru [*.....]
Gold:   0          SH: 11    Dex: 18    Spells: 5/5 levels left

rFire    . . .     SeeInvis .   q - +1 broad axe (chop)
rCold    . . .     Gourm    .   c - +0 shield
rNeg     . . .     Faith    .   u - +2 ring mail
rPois    .         Spirit   .   s - +0 helmet
rElec    .         Reflect  .   (no cloak)
rCorr    .         Harm     .   (no gloves)
MR       .....     NoTele   +   t - +0 pair of boots
Stlth    ++........             (no amulet)
HPRegen  0.17/turn              v - +3 ring of dexterity
MPRegen  0.10/turn              w - +3 ring of intelligence

@: mighty
A: hooves 1, iridescent scales 2, nightstalker 1, rot immunity
a: Heroism, Renounce Religion


You were in the Dungeon.
You worshipped Okawaru.
Okawaru was aware of your devotion.
You were not hungry.

You visited 1 branch

Inventory:

Hand Weapons
 a - a +0 war axe
 q - a +1 broad axe of chopping (weapon)
 r - a +2 scimitar of flaming
Armour
 c - a +0 shield (worn)
 s - a +0 helmet (worn)
 t - a +0 pair of boots (worn)
 u - a +2 ring mail (worn)
Jewellery
 v - a +3 ring of dexterity (left hand)
 w - a +3 ring of intelligence (right hand)
Wands
 p - a wand of acid (10)
Scrolls
 k - 2 scrolls of blinking
 n - 3 scrolls of remove curse
 o - 2 scrolls of amnesia
Potions
 e - 5 potions of curing
 g - 3 potions of heal wounds
 h - a potion of haste
 i - 4 potions of magic
 j - a potion of berserk rage
 m - a potion of invisibility
Comestibles
 f - a ration
 l - 4 chunks of flesh


   Skills:
 + Level 6.3 Fighting
 + Level 6.5 Axes
 + Level 5.9 Armour
 + Level 2.7 Dodging
 + Level 6.5 Shields


You had 5 spell levels left.
You didn't know any spells.
Your spell library was empty.

Dungeon Overview and Level Annotations

Branches:
Dungeon (1/1)

Altars:
Cheibriados
Dithmenos
Elyvilon
Fedhas
Gozag
Hepliaklqana
Kikubaaqudgha
Makhleb
Nemelex Xobeh
Okawaru
Qazlal
Ru
Sif Muna
Trog
Uskayaw
Vehumet
Wu Jian
Xom
Yredelemnul
Zin
The Shining One
Beogh
Jiyva
Lugonu


Innate Abilities, Weirdness & Mutations

You have large cloven feet.
You are mostly covered in iridescent scales. (AC +4)
You are slightly more attuned to the shadows.
You are immune to rotting.


Message History

Okawaru accepts your kill.
You can now gain great but temporary skills.
Your Fighting skill increases to level 6!
Your Axes skill increases to level 6!
You have reached level 6!
Your experience leads to an increase in your attributes!
Your base attributes are Str 16, Int 9, Dex 14.
Increase (S)trength, (I)ntelligence, or (D)exterity?
You feel agile.
Your demonic ancestry asserts itself...
Your feet thicken and deform.
You slice the yak!!
The yak is heavily wounded.
The yak closely misses you. The yak gores you but does no damage.
Your shield and ring mail prevent you from hitting the yak.
The yak is heavily wounded.
You block the yak's attack.
You slash the yak!
The yak is almost dead.
The yak gores you!
You die... ▓▓▓▓▓▓▓▓▓▓▓▓▓▓▓▓▓▓▓▓▓▓▓▓ _______'..|)...[@Ylo.... ▓▓▓▓▓▓▓▓▓▓▓▓▓▓▓▓▓▓▓▓▓▓▓▓

You could see a yak, an orc and a leopard gecko.

Vanquished Creatures
  An orc warrior (D)
  An ogre (D)
  A bullfrog (D)
  A crimson imp (D)
  A hound (D)
  An orc (D)
  A giant cockroach (D)
  A hobgoblin (D)
  A jackal (D)
  A ball python skeleton (D)
  A bat (D)
  2 kobolds (D)
13 creatures vanquished.

Notes
Turn   | Place    | Note
-------+----------+-------------------------------------------
     0 | D        | galech the Demonspawn Fighter began the quest for the Orb.
     0 | D        | Reached XP level 1. HP: 18/18 MP: 1/1
    90 | D        | Noticed a crimson imp
    90 | D        | Noticed a hound
    92 | D        | Killed a crimson imp
    92 | D        | Gained mutation: You are immune to rotting. [demonic
                  | ancestry]
    92 | D        | Reached XP level 2. HP: 25/25 MP: 2/2
    92 | D        | Gained mutation: You are partially covered in iridescent
                  | scales. (AC +2) [demonic ancestry]
    92 | D        | Reached XP level 3. HP: 30/30 MP: 3/3
   105 | D        | Reached skill level 1 in Dodging
   124 | D        | Gained mutation: You are mostly covered in iridescent
                  | scales. (AC +4) [demonic ancestry]
   124 | D        | Reached XP level 4. HP: 30/38 MP: 4/4
   178 | D        | Found a roughly hewn altar of Beogh.
   178 | D        | Found a snail-covered altar of Cheibriados.
   178 | D        | Found a shadowy altar of Dithmenos.
   178 | D        | Found a white marble altar of Elyvilon.
   178 | D        | Found a blossoming altar of Fedhas.
   178 | D        | Found an opulent altar of Gozag.
   179 | D        | Found a hazy altar of Hepliaklqana.
   180 | D        | Found a viscous altar of Jiyva.
   181 | D        | Found an ancient bone altar of Kikubaaqudgha.
   182 | D        | Found a corrupted altar of Lugonu.
   183 | D        | Found a burning altar of Makhleb.
   184 | D        | Found a sparkling altar of Nemelex Xobeh.
   185 | D        | Found an iron altar of Okawaru.
   186 | D        | Found a stormy altar of Qazlal.
   187 | D        | Found a sacrificial altar of Ru.
   188 | D        | Found a deep blue altar of Sif Muna.
   189 | D        | Found a bloodstained altar of Trog.
   190 | D        | Found a hide-covered altar of Uskayaw.
   191 | D        | Found a radiant altar of Vehumet.
   192 | D        | Found an ornate altar of the Wu Jian Council.
   193 | D        | Became a worshipper of Warmaster Okawaru
   194 | D        | Found a shimmering altar of Xom.
   195 | D        | Found a basalt altar of Yredelemnul.
   196 | D        | Found a glowing silver altar of Zin.
   197 | D        | Found a glowing golden altar of the Shining One.
   251 | D        | Noticed a bullfrog
   251 | D        | Noticed an ogre
   251 | D        | Noticed an orc warrior
   251 | D        | Noticed a yak
   258 | D        | Killed a bullfrog
   258 | D        | Reached skill level 5 in Fighting
   258 | D        | Reached skill level 5 in Armour
   258 | D        | Reached skill level 5 in Shields
   263 | D        | Killed an ogre
   263 | D        | Reached skill level 5 in Axes
   263 | D        | Gained mutation: You are slightly more attuned to the
                  | shadows. [demonic ancestry]
   263 | D        | Reached XP level 5. HP: 25/46 MP: 5/5
   268 | D        | Killed an orc warrior
   268 | D        | Reached * piety under Okawaru
   268 | D        | Gained mutation: You have large cloven feet. [demonic
                  | ancestry]
   268 | D        | Reached XP level 6. HP: 10/53 MP: 6/6
   271 | D        | Slain by a yak

Vault maps used:
D:        linesprint

Skill      XL: |  1  2  3  4  5 |
---------------+----------------+-----
Armour         | 4 5 |  5.9
Shields        | 4 6 |  6.5
Fighting       | 4 5 6 |  6.3
Axes           | 2 3 5 6 |  6.5
Dodging        | 1 2 |  2.7

Action                   |  1- 3 |  4- 6 || total
-------------------------+-------+-------++-------
Melee: War axe           |    63 |     8 ||    71
       Broad axe         |       |    10 ||    10
  Use: Potion            |       |     1 ||     1
Armor: Scale mail        |    39 |       ||    39
       Ring mail         |       |     7 ||     7
Dodge: Dodged            |    16 |     3 ||    19
Block: Shield            |    36 |    10 ||    46

Table legend:
 A = Non-vault XP
 B = Vault XP
 C = Vault XP percentage of total XP
 D = Non-vault monster count
 E = Vault monster count
 F = Vault count percentage of total count
                 A         B        C        D         E       F
            +---------+---------+-------+---------+---------+-------
      Total |       0 |     434 | 100.0 |       0 |      13 | 100.0
            +---------+---------+-------+---------+---------+-------
          D |       0 |     434 | 100.0 |       0 |      13 | 100.0
            +---------+---------+-------+---------+---------+-------
